 Dungeon Crawl Stone Soup version 0.24-a0-378-g94936e539c (webtiles) character file.

Game seed: 4768344222363976465

46 Goodini51 the Skirmisher (level 3, -2/31 HPs)
             Began as a Demigod Wanderer on June 1, 2019.
             Shot with an arrow by a centaur (4 damage)
             ... on level 2 of the Dungeon.
             The game lasted 00:04:16 (1087 turns).

Goodini51 the Skirmisher (Demigod Wanderer)         Turns: 1087, Time: 00:04:16

Health: -2/31      AC:  8    Str: 16    XL:     3   Next: 26%
Magic:  6/6        EV:  9    Int: 17    God:
Gold:   100        SH:  0    Dex: 15    Spells: 2/2 levels left

rFire    . . .     SeeInvis .   l - +0 spear
rCold    . . .     Gourm    .   (no shield)
rNeg     . . .     Faith    .   b - +2 scale mail
rPois    .         Spirit   .   (no helmet)
rElec    .         Reflect  .   (no cloak)
rCorr    .         Harm     .   (no gloves)
MR       .....                  (no boots)
Stlth    ..........             (no amulet)
HPRegen  0.10/turn              (no ring)
MPRegen  0.10/turn              (no ring)

@: no status effects
A: high mp 1
a: no special abilities


You were on level 2 of the Dungeon.
You were hungry.

You visited 1 branch of the dungeon, and saw 2 of its levels.

You collected 100 gold pieces.

Inventory:

Hand Weapons
 a - a +0 mace
 l - a +0 spear (weapon)
Missiles
 e - 16 arrows
 k - 19 sling bullets
Armour
 b - a +2 scale mail (worn)
Scrolls
 h - a scroll of identify {unknown}
 i - 2 scrolls of fear {unknown}
Potions
 c - a potion of lignification
 f - a potion of haste {unknown}
 g - a potion of might {unknown}
 j - a potion of curing {unknown}
Comestibles
 d - a ration


   Skills:
 * Level 3.5 Fighting
   Level 1.0 Long Blades
 + Level 2.2 Maces & Flails
 * Level 1.0 Polearms
 + Level 2.0 Armour
   Level 1.0 Shields
   Level 1.0 Evocations


You had 2 spell levels left.
You didn't know any spells.
Your spell library was empty.

Dungeon Overview and Level Annotations

Branches:
Dungeon (2/15)


Innate Abilities, Weirdness & Mutations

You have an increased reservoir of magic. (+10% MP)


Message History

The centaur is moderately wounded.
The centaur hits you but does no damage.
The centaur hits you.
You hit the centaur.
The centaur is moderately wounded.
The centaur closely misses you.
You barely miss the centaur.
The centaur is moderately wounded.
The centaur hits you!
* * * LOW HITPOINT WARNING * * *
The centaur hits you but does no damage.
The centaur closely misses you.
You see here 2 arrows.
You hit the centaur.
The centaur is heavily wounded.
The centaur hits you.
* * * LOW HITPOINT WARNING * * *
The centaur wields a +0 shortbow.
The centaur shoots an arrow.
The arrow hits you.
You die...

#.# ...#.#.#.#.# #.#
#.##.#...#.# #.#
#.##.#...#.# #..
#######.###.##.#.#.#.####..
...............#.......##..
.......(...................
######.######...#.#.#.##..
.#######.######.###.#.#.##..
........Sc(@...)....#.#.##..
.#######w########..##.#.....
.........##................
.........##.#####.##.####..
.........# #.##.#...#+
.........# .... ##..#.
.........# ##.# #..#.
.........# ######.####..#'
.?.....S.+ ............†..


You could see a centaur, a worm and an adder.

Vanquished Creatures
  2 adders (D:2)
  A worm (D:2)
  3 giant cockroaches (D:1)
  6 goblins (D:1)
  2 hobgoblins (D:1)
  3 bats (D:1)
  4 frilled lizards (D:2)
  2 kobolds
  2 rats
25 creatures vanquished.

Notes
Turn   | Place    | Note
-------+----------+-------------------------------------------
     0 | D:1      | Goodini51 the Demigod Wanderer began the quest for the Orb.
     0 | D:1      | Goodini51 set off with the following items: a +0 mace, a +2
                  | scale mail, a potion of lignification, a ration
     0 | D:1      | Reached XP level 1. HP: 18/18 MP: 3/3
    17 | D:1      | Reached skill level 3 in Fighting
   100 | D:1      | Reached XP level 2. HP: 26/26 MP: 5/5
   836 | D:2      | Reached XP level 3. HP: 24/31 MP: 6/6
   946 | D:2      | Reached skill level 1 in Polearms
  1069 | D:2      | Noticed a centaur
  1087 | D:2      | Shot with an arrow by a centaur

Levels and vault maps discovered:
D:1:      shiori_arrival_maze, layout_rooms
D:2:      layout_basic

Skill      XL: |  1  2  3 |
---------------+----------+-----
Fighting       | 3 |  3.5
Maces & Flails | 2 |  2.2
Polearms       | 1 |  1.0
Armour         | 2 |  2.0
Long Blades    | |  1.0
Shields        | |  1.0
Evocations     | |  1.0

Action                   || total
-------------------------++-------
Melee: Mace              ||    39
       Spear             ||    75
Armor: Scale mail        ||    67
Dodge: Dodged            ||    53

Table legend:
 A = Non-vault XP
 B = Vault XP
 C = Vault XP percentage of total XP
 D = Non-vault monster count
 E = Vault monster count
 F = Vault count percentage of total count
                 A         B        C        D         E       F
            +---------+---------+-------+---------+---------+-------
      Total |      63 |       3 |   4.5 |      23 |       2 |   8.0
            +---------+---------+-------+---------+---------+-------
        D:1 |      25 |       3 |  10.7 |      14 |       2 |  12.5
        D:2 |      38 |       0 |   0.0 |       9 |       0 |   0.0
            +---------+---------+-------+---------+---------+-------
